 Dungeon Crawl Stone Soup version 0.27.1-3-gb3d3a73c9e (webtiles) character file.

Game seed: 14838158522222980681

2948 DearestLeader the Nimble (level 9, -19/71 HPs)
             Began as a Gnoll Wanderer on Oct 6, 2021.
             Was a Plaything of Xom.
             Demolished by a shadow (23 damage)
             ... on level 9 of the Dungeon on Oct 7, 2021.
             The game lasted 00:21:32 (12084 turns).

DearestLeader the Nimble (Gnoll Wanderer)          Turns: 12084, Time: 00:21:33

Health: -19/71     AC:  6    Str: 14 (15) XL:     9   Next: 81%
Magic:  24/24      EV: 14    Int:  8 (10) God:    Xom [..*...]
Gold:   400        SH:  0    Dex: 12 (13) Spells: 14/17 levels left

rFire    + + .     SeeInvis .   a - +0 falchion
rCold    . . .     Faith    .   (no shield)
rNeg     . . .     Spirit   .   w - +2 leather armour {rF+}
rPois    .         Reflect  .   (helmet restricted)
rElec    .         Harm     .   j - +0 cloak
rCorr    +         Rampage  .   (no gloves)
Will     .....                  (no boots)
Stlth    +++.......             E - amulet of magic regeneration
HPRegen  0.21/turn              s - ring of magical power
MPRegen  0.44/turn              e - ring of resist corrosion

@: no status effects
A: fangs 1, strong nose, distributed training, antennae 1, deformed body,
deterioration 2, fire resistance 1, mutation resistance 1, shaggy fur 1,
MP-powered wands
a: Renounce Religion


You were on level 9 of the Dungeon.
You worshipped Xom.
You were a toy of Xom.
You visited 2 branches of the dungeon, and saw 10 of its levels.
You also visited: Sewer.

You collected 530 gold pieces.
You spent 130 gold pieces at shops.

Inventory:

Hand Weapons
 a - a +0 falchion (weapon)
 h - a +0 dagger of freezing
 l - a +2 dagger of venom
 D - a +2 hand axe of freezing
Missiles
 i - 41 bolts
 r - 17 poisoned darts (quivered)
 z - 61 sling bullets
Armour
 j - a +0 cloak (worn)
 p - a +0 helmet
 w - a +2 leather armour of fire resistance (worn)
Jewellery
 e - a ring of resist corrosion (right hand)
 k - a ring of fire
 s - a ring of magical power (left hand)
 E - an amulet of magic regeneration (around neck)
Wands
 A - a wand of acid (3)
 C - a wand of charming (5)
 G - a wand of iceblast (10)
 H - a wand of digging (6)
Scrolls
 b - a scroll of teleportation
 c - a scroll of acquirement {unknown}
 d - a scroll of holy word {unknown}
 f - 3 scrolls of fear
 u - a scroll of enchant weapon {unknown}
 x - a scroll of enchant armour {unknown}
 y - 3 scrolls of amnesia
 B - 2 scrolls of torment
Potions
 m - 3 potions of magic
 n - 2 potions of brilliance
 o - a potion of cancellation
 q - 5 potions of curing
 t - a potion of lignification
 v - a potion of ambrosia
 F - a potion of attraction {unknown}
Miscellaneous
 g - a condenser vane


   Skills:
 + Level 6.5 Fighting
 + Level 4.6 Short Blades
 + Level 6.5 Long Blades
 + Level 4.6 Axes
 + Level 4.6 Maces & Flails
 + Level 4.6 Polearms
 + Level 4.6 Staves
 + Level 4.6 Slings
 + Level 4.6 Bows
 + Level 4.6 Crossbows
 + Level 6.5 Throwing
 + Level 4.6 Armour
 + Level 8.1 Dodging
 + Level 5.2 Stealth
 + Level 4.6 Shields
 + Level 4.6 Unarmed Combat
 + Level 4.6 Spellcasting
 + Level 3.8 Conjurations
 + Level 3.8 Hexes
 + Level 3.8 Summonings
 + Level 3.8 Necromancy
 + Level 3.8 Translocations
 + Level 3.8 Transmutations
 + Level 3.8 Fire Magic
 + Level 3.8 Ice Magic
 + Level 3.8 Air Magic
 + Level 3.8 Earth Magic
 + Level 3.8 Poison Magic
 + Level 5.0 Invocations
 + Level 4.6 Evocations


You had 14 spell levels left.
You knew the following spells:

 Your Spells              Type           Power      Damage    Failure   Level
a - Ensorcelled Hibernat  Hex/Ice        14%        N/A       11%         2
b - Magic Dart            Conj           28%        1d4       7%          1

Your spell library contained the following spells:

 Spells                   Type           Power      Damage    Failure   Level
 Corona                   Hex            7%         N/A       7%          1
 Call Imp                 Summ           7%         N/A       11%         2
 Passwall                 Tmut/Erth      5%         N/A       11%         2
 Inner Flame              Hex/Fire       7%         N/A       22%         3
 Mephitic Cloud           Conj/Pois/Air  7%         N/A       22%         3
 Swiftness                Air            7%         N/A       22%         3
 Tukima's Dance           Hex            7%         N/A       22%         3
 Cause Fear               Hex            3%         N/A       56%         4
 Invisibility             Hex            3%         N/A       100%        6
 Dragon Form              Tmut           3%         N/A       100%        7
 Discord                  Hex            3%         N/A       100%        8
 Dragon's Call            Summ           3%         N/A       100%        9


Dungeon Overview and Level Annotations

Branches:
Dungeon (9/15)             Temple (1/1) D:5           Sewer (visited)
   Lair: D:8-11         Orc: D:9-12

Altars:
Ashenzari
Cheibriados
Elyvilon
Fedhas
Gozag
Makhleb
Nemelex Xobeh
Qazlal
Ru
Trog
Uskayaw
Vehumet
Xom
Zin
The Shining One

Shops:
D:4 [   D:7 *

Annotations:
D:9 3 runed translucent doors, Hyperion's ghost, novice VSTm


Innate Abilities, Weirdness & Mutations

You have very sharp teeth.
Your uncanny sense of smell can sniff out nearby items.
Your experience applies equally to all skills.
You have a pair of small antennae on your head.
Armour fits poorly on your strangely shaped body.
Your body often deteriorates upon taking damage.
Your flesh is heat resistant. (rF+)
You are somewhat resistant to further mutation.
You are covered in fur. (AC +1)
You expend magic power (3 MP) to strengthen your wands.


Message History

The shadow strikes at you from the darkness!
Your body deteriorates!
You feel clumsy.
Reactivating autopickup.
You closely miss the shadow.
The shadow is heavily damaged.
The shadow hits you!
You hit the shadow but do no damage.
The shadow is heavily damaged.
The shadow closely misses you.
You hit the shadow but do no damage.
The shadow is heavily damaged.
The shadow barely misses you.
You hit the shadow.
The shadow is heavily damaged.
You hit the shadow.
The shadow is severely damaged.
The shadow closely misses you.
You barely miss the shadow.
The shadow is severely damaged.
The shadow closely misses you.
You slash the shadow! You bite the shadow, but do no damage.
The shadow is almost destroyed.
The shadow barely misses you.
You hit the shadow but do no damage. Your punch misses the shadow.
The shadow is almost destroyed.
The shadow slips into darkness.
The shadow flickers and vanishes!
Deactivating autopickup; reactivate with Ctrl-A.
You miss something.
The shadow strikes at you from the darkness!
* * * LOW HITPOINT WARNING * * *
Your body deteriorates!
You feel weakened.
Reactivating autopickup.
You hit the shadow but do no damage.
The shadow is almost destroyed.
The shadow slips into darkness.
The shadow flickers and vanishes!
Deactivating autopickup; reactivate with Ctrl-A.
You hit something but do no damage.
The shadow strikes at you from the darkness!
You die...
Xom roars with laughter!

###..##.##.#
#####+##.####
............#
...≈≈≈......#
...≈≈≈≈.....#
(....≈≈....##
∆
..........##
.........##
.......@##
.......{>#
..........#
.(.........#
............#
............#
#############


There were no monsters in sight!

Vanquished Creatures
  A deep elf pyromancer (D:7)
  Grinder (D:5)
  A steam dragon (D:7)
  A swamp drake (D:6)
  An ice beast (D:5)
  A sky beast (D:7)
  2 ogres (D:6)
  2 necrophages
  4 centaurs
  A bullfrog (D:5)
  4 scorpions
  3 howler monkeys
  2 centaur zombies
  3 orc priests
  3 bullfrog skeletons
  A gnoll shaman (D:7)
  2 hounds (D:6)
  3 iguanas
  5 orc wizards
  6 gnolls
  11 adders
  5 river rats (D:3)
  2 shadow imps
  9 worms
  4 dart slugs
  19 orcs
  7 ball pythons
  4 endoplasms
  3 giant cockroaches
  5 hobgoblins
  7 jackals
  17 kobolds
  A quokka (D:1)
  5 frilled lizards
  10 goblins
  9 rats
165 creatures vanquished.

Vanquished Creatures (others)
  13 plants
13 creatures vanquished.

Grand Total: 178 creatures vanquished

Notes
Turn   | Place    | Note
-------+----------+-------------------------------------------
     0 | D:1      | DearestLeader the Gnoll Wanderer began the quest for the
                  | Orb.
     0 | D:1      | DearestLeader set off with the following items: a +0
                  | falchion, a scroll of teleportation, a +2 leather armour
     0 | D:1      | Reached XP level 1. HP: 20/20 MP: 1/1
    71 | D:1      | Reached XP level 2. HP: 26/26 MP: 2/2
   452 | D:1      | Reached XP level 3. HP: 19/31 MP: 3/3
   756 | D:2      | Reached skill level 1 in Invocations
  1391 | D:2      | Reached skill level 1 in Short Blades
  1391 | D:2      | Reached skill level 1 in Axes
  1391 | D:2      | Reached skill level 1 in Maces & Flails
  1391 | D:2      | Reached skill level 1 in Polearms
  1391 | D:2      | Reached skill level 1 in Staves
  1391 | D:2      | Reached skill level 1 in Slings
  1391 | D:2      | Reached skill level 1 in Bows
  1391 | D:2      | Reached skill level 1 in Crossbows
  1391 | D:2      | Reached skill level 1 in Armour
  1391 | D:2      | Reached skill level 1 in Shields
  1391 | D:2      | Reached skill level 1 in Unarmed Combat
  1391 | D:2      | Reached skill level 1 in Spellcasting
  1391 | D:2      | Reached skill level 1 in Evocations
  1705 | D:2      | Reached XP level 4. HP: 27/38 MP: 5/5
  2513 | D:3      | Reached skill level 1 in Conjurations
  2513 | D:3      | Reached skill level 1 in Hexes
  2513 | D:3      | Reached skill level 1 in Summonings
  2513 | D:3      | Reached skill level 1 in Necromancy
  2513 | D:3      | Reached skill level 1 in Translocations
  2513 | D:3      | Reached skill level 1 in Transmutations
  2513 | D:3      | Reached skill level 1 in Fire Magic
  2513 | D:3      | Reached skill level 1 in Ice Magic
  2513 | D:3      | Reached skill level 1 in Air Magic
  2513 | D:3      | Reached skill level 1 in Earth Magic
  2513 | D:3      | Reached skill level 1 in Poison Magic
  2637 | D:3      | Reached XP level 5. HP: 39/43 MP: 6/6
  2758 | D:3      | Found a glowing drain.
  2765 | Sewer    | Entered a sewer
  3866 | D:3      | Reached XP level 6. HP: 42/50 MP: 8/8
  4177 | D:3      | Found a faded altar of an unknown god.
  4810 | D:4      | Reached skill level 5 in Fighting
  4810 | D:4      | Reached skill level 5 in Long Blades
  4810 | D:4      | Reached skill level 5 in Throwing
  5617 | D:4      | Reached XP level 7. HP: 56/56 MP: 10/10
  5902 | D:4      | Found Weotosh's Antique Armour Shoppe.
  5906 | D:4      | Bought a dyed leather armour for 130 gold pieces
  6188 | D:5      | Entered Level 5 of the Dungeon
  6255 | D:5      | Reached skill level 7 in Dodging
  6541 | D:5      | Reached XP level 8. HP: 54/63 MP: 12/12
  6646 | D:5      | Learned a level 2 spell: Ensorcelled Hibernation
  6666 | D:5      | Learned a level 1 spell: Magic Dart
  7041 | D:5      | Found a staircase to the Ecumenical Temple.
  7095 | Temple   | Entered the Ecumenical Temple
  7283 | Temple   | Became a worshipper of Xom the Psychotic
  7318 | D:5      | XOM: cloud trail
  7329 | D:5      | XOM: silly message
  7696 | D:6      | XOM: silly message
  7823 | D:6      | XOM: divination: detect creatures
  7896 | D:6      | XOM: divination: detect items
  7901 | D:6      | XOM: summons friendly crimson imp
  8140 | D:6      | Noticed Grinder
  8155 | D:6      | Paralysed by Grinder for 5 turns
  8166 | D:5      | Paralysed by Grinder for 5 turns
  8169 | D:5      | Killed Grinder
  8376 | D:6      | XOM: scenery: summon butterflies
  8385 | D:6      | XOM: give mutations
  8385 | D:6      | Gained mutation: Your body sometimes deteriorates upon
                  | taking damage. [Xom's mischief]
  8385 | D:6      | Gained mutation: Armour fits poorly on your strangely
                  | shaped body. [Xom's mischief]
  8405 | D:6      | Reached XP level 9. HP: 24/69 MP: 14/14
  8414 | D:6      | XOM is BORED!
  8414 | D:6      | XOM: polymorph butterfly -> bat
  9186 | D:7      | XOM: give mutations
  9186 | D:7      | Gained mutation: You have a pair of small antennae on your
                  | head. [Xom's mischief]
  9186 | D:7      | Gained mutation: Your body often deteriorates upon taking
                  | damage. [Xom's mischief]
  9186 | D:7      | Gained mutation: You expend magic power (3 MP) to
                  | strengthen your wands. [Xom's mischief]
  9207 | D:7      | XOM: enchant monster (bad)
  9227 | D:7      | XOM: polymorph sky beast -> swamp drake
  9229 | D:7      | XOM: enchant monster (bad)
  9425 | D:7      | XOM: noise
  9874 | D:7      | Noticed a deep elf pyromancer
  9888 | D:7      | HP: 2/66 [fire elemental[a deep elf pyromancer] (6)]
  9890 | D:7      | XOM: divination: magic mapping
 10211 | D:7      | Found Acifuef's General Store.
 10212 | D:7      | Found a burning altar of Makhleb.
 10220 | D:7      | XOM: summons friendly crimson imp
 10228 | D:7      | XOM: divination: detect creatures
 10274 | D:6      | XOM: noise
 10282 | D:6      | XOM: summons 4 hostile shadow creatures
 10297 | D:6      | XOM: stat loss: -1 Str (13/15)
 10868 | D:7      | XOM: give mutations
 10868 | D:7      | Gained mutation: You are somewhat resistant to further
                  | mutation. [Xom's grace]
 10868 | D:7      | Gained mutation: Your flesh is heat resistant. (rF+) [Xom's
                  | grace]
 10868 | D:7      | Gained mutation: You are covered in fur. (AC +1) [Xom's
                  | grace]
 11103 | D:7      | XOM: god gift: condenser vane
 11117 | D:7      | Killed a deep elf pyromancer
 11118 | D:7      | Reached skill level 8 in Dodging
 11118 | D:7      | Reached skill level 5 in Stealth
 11389 | D:8      | Reached skill level 5 in Invocations
 11396 | D:8      | XOM: 1-stop teleportation journey
 12016 | D:9      | Found a runed translucent gate.
 12016 | D:9      | Found a runed translucent gate.
 12016 | D:9      | Found a runed translucent gate.
 12017 | D:9      | Noticed a four-headed hydra
 12022 | D:9      | Noticed Hyperion's ghost (novice VSTm)
 12082 | D:9      | HP: 3/71 [something (27)]
 12084 | D:9      | Demolished by a shadow

Illustrated notes

Levels and vault maps discovered:
D:1:      minmay_arrival_open_corners, layout_rooms, minivault_19
D:2:      minmay_skewed_foursquare, layout_loops_cross, st_stairs_14,
          chequers_serial_rivers_room_b
D:3:      layout_basic, lightli_sewer_entry_pipes, basic_ecumenical_altar
D:4:      layout_basic, serial_shops, shop, corexii_leaking_fountain
D:5:      layout_basic, minmay_temple_entry_antechambers
D:6:      nicolae_whirlpool, layout_rooms, st_stairs_14, uniq_grinder
D:7:      layout_basic, mainiacjoe_overflow_brackets, serial_shops, shop,
          grunt_decor_resistance, grunt_ministairs_2, guppyfry_early_elven_hall
D:8:      layout_basic, minmay_misc_feat_encased
D:9:      layout_basic, grunt_temple_overflow_diamond, serial_shops,
          shop_statue, gammafunk_ghost_split, st_stairs_5, chequers_mini_garden
Temple:   eino_narrow_crystal_temple

Skill      XL: |  1  2  3  4  5  6  7  8  9 |
---------------+----------------------------+-----
Invocations    | 1 2 3 4 5 |  5.0
Short Blades   | 1 2 3 4 |  4.6
Axes           | 1 2 3 4 |  4.6
Maces & Flails | 1 2 3 4 |  4.6
Polearms       | 1 2 3 4 |  4.6
Staves         | 1 2 3 4 |  4.6
Slings         | 1 2 3 4 |  4.6
Bows           | 1 2 3 4 |  4.6
Crossbows      | 1 2 3 4 |  4.6
Armour         | 1 2 3 4 |  4.6
Shields        | 1 2 3 4 |  4.6
Unarmed Combat | 1 2 3 4 |  4.6
Spellcasting   | 1 2 3 4 |  4.6
Evocations     | 1 2 3 4 |  4.6
Conjurations   | 1 2 3 |  3.8
Hexes          | 1 2 3 |  3.8
Summonings     | 1 2 3 |  3.8
Necromancy     | 1 2 3 |  3.8
Translocations | 1 2 3 |  3.8
Transmutations | 1 2 3 |  3.8
Fire Magic     | 1 2 3 |  3.8
Ice Magic      | 1 2 3 |  3.8
Air Magic      | 1 2 3 |  3.8
Earth Magic    | 1 2 3 |  3.8
Poison Magic   | 1 2 3 |  3.8
Stealth        | 3 4 5 |  5.2
Fighting       | 5 6 |  6.5
Long Blades    | 5 6 |  6.5
Throwing       | 5 6 |  6.5
Dodging        | 7 8 |  8.1

Action                   |  1- 3 |  4- 6 |  7- 9 || total
-------------------------+-------+-------+-------++-------
Melee: Falchion          |   123 |     7 |    36 ||   166
       Bite              |    17 |    17 |    40 ||    74
       Punch             |     2 |       |     4 ||     6
       Dagger            |       |   311 |   230 ||   541
       Hand axe          |       |       |    70 ||    70
Throw: Dart              |       |     9 |    18 ||    27
 Cast: Ensorcelled Hiber |       |       |     7 ||     7
       Magic Dart        |       |       |     3 ||     3
Evoke: Wand              |       |       |     2 ||     2
  Use: Scroll            |       |     5 |    13 ||    18
       Potion            |       |     2 |     4 ||     6
 Stab: Sleeping          |     3 |     5 |     9 ||    17
       Distracted        |       |     1 |     1 ||     2
Armor: Leather armour    |    41 |    67 |    92 ||   200
Dodge: Dodged            |    53 |   210 |   241 ||   504
       Rpst.: Falchion   |    17 |     4 |     8 ||    29
